 Dungeon Crawl Stone Soup version 0.23.2-1-ga50397a (webtiles) character file.

Game seed: 11472556913357774778

2218 Mrkaede the Skirmisher (level 9, -2/78 HPs)
             Began as a Minotaur Hunter on Apr 26, 2019.
             Was a Believer of Okawaru.
             Slain by a killer bee (7 damage)
             ... on level 7 of the Dungeon.
             The game lasted 00:14:39 (6296 turns).

Mrkaede the Skirmisher (Minotaur Hunter)            Turns: 6296, Time: 00:14:41

Health: -2/78      AC: 10    Str: 19    XL:     9   Next: 13%
Magic:  8/8        EV: 10    Int:  8    God:    Okawaru [**....]
Gold:   339        SH:  9    Dex: 14    Spells: 8/8 levels left

rFire    . . .     SeeInvis .   z - +2 war axe (vamp)
rCold    . . .     Gourm    .   C - +0 shield (curse)
rNeg     . . .     Faith    .   m - +0 scale mail
rPois    .         Spirit   .   (helmet restricted)
rElec    .         Reflect  .   w - +0 cloak
rCorr    .         Harm     .   r - +0 pair of gloves
MR       .....                  (no boots)
Stlth    +.........             y - amulet of regeneration
HPRegen  0.63/turn              u - +2 ring of dexterity
MPRegen  0.11/turn              (no ring)

@: lethally poisoned (-2 -> -13)
A: retaliatory headbutt, horns 2
a: Heroism, Renounce Religion


You were on level 7 of the Dungeon.
You worshipped Okawaru.
Okawaru was pleased with you.
You were not hungry.

You visited 1 branch of the dungeon, and saw 7 of its levels.
You also visited: Sewer.

You collected 438 gold pieces.
You spent 99 gold pieces at shops.

Inventory:

Hand Weapons
 a - a +1 hand crossbow
 b - a +0 short sword
 n - a +0 war axe
 z - a +2 vampiric war axe (weapon)
Missiles
 d - 15 bolts
Armour
 c - a +0 leather armour
 e - a +0 ring mail
 m - a +0 scale mail (worn)
 o - a +0 buckler
 r - a +0 pair of gloves (worn)
 w - a +0 cloak (worn)
 B - a +0 cloak
 C - a cursed +0 shield (worn)
Jewellery
 u - a +2 ring of dexterity (left hand)
 v - a cursed amulet of inaccuracy {unknown}
 y - an amulet of regeneration (around neck)
Wands
 i - a wand of polymorph (6)
Scrolls
 g - a scroll of blinking
 h - 8 scrolls of identify
 k - 5 scrolls of remove curse
 p - 6 scrolls of teleportation
 t - 2 scrolls of amnesia {unknown}
Potions
 j - a potion of invisibility
 l - a potion of cancellation
 s - a potion of lignification {unknown}
 x - a potion of flight {unknown}
 A - a potion of resistance
Comestibles
 f - 13 rations
 q - 2 chunks of flesh


   Skills:
 * Level 6.6 Fighting
 - Level 2.1 Short Blades
 * Level 5.1 Axes
 + Level 5.8 Crossbows
 * Level 6.0 Armour
 + Level 4.6 Dodging
 + Level 3.2 Stealth
 * Level 4.0 Shields
 + Level 3.6 Unarmed Combat
 + Level 0.4 Invocations


You had 8 spell levels left.
You didn't know any spells.
Your spell library was empty.

Dungeon Overview and Level Annotations

Branches:
Dungeon (7/15)             Temple (0/1) D:4

Altars:
Gozag
Kikubaaqudgha
Makhleb
Nemelex Xobeh
Okawaru
Ru
Sif Muna
Wu Jian
The Shining One

Shops:
D:4 [


Innate Abilities, Weirdness & Mutations

You reflexively headbutt those who attack you in melee.
You have a pair of horns on your head.


Message History

* * * LOW HITPOINT WARNING * * *
The centaur wields a +0 shortbow.
The centaur shoots an arrow.
The arrow hits you!
* * * LOW HITPOINT WARNING * * *
You block the killer bee's attack. x2
You see here an arrow.
It was a potion of cancellation.
You feel magically purged.
You feel sick. The killer bee barely misses you. You furiously retaliate!
You headbutt the killer bee. The killer bee stings you.
* * * LOW HITPOINT WARNING * * *
You are more poisoned.
The killer bee poisons you! You block the killer bee's attack.
The killer bee stings you but does no damage.
The killer bee stings you.
* * * LOW HITPOINT WARNING * * *
The killer bee stings you.
* * * LOW HITPOINT WARNING * * *
You are more poisoned.
The killer bee poisons you! The killer bee stings you!
You die...

######....###.....##.......#,,,,,
...........#...............#*,,,*
...........#...............##,,,*
...........#................#,,,*
..##......##......###########>,,,
.,*#......##......##.......##..,,
..##......##......##.>.........,,
..........#.....yy..>..........,,
..........#.....@ycY...........,,
.......<).#.....yy.............,,
........).((...............####+*
'#####+######.....##.......#*,,,*
.,****,,,,*##.<...##.......#*,,,,
,,,,,,,,,,,#......##.......#*,,,,
,,,,,,,,,,,#......#........#,,,,,
,,,,,,,,,,,#......#........#,,,,*
,,,,,,,,,,,#......#........#,,,,*


You could see an ice beast, a centaur and 5 killer bees.

Vanquished Creatures
  A troll (D:7)
  Grinder (D:3)
  Sigmund (D:3)
  An orc warrior (D:6)
  2 ice beasts (D:6)
  A centaur (D:6)
  3 scorpions
  2 jellies
  4 crimson imps
  A centaur zombie (D:6)
  2 bullfrog zombies
  An orc priest (D:7)
  3 hounds
  A centaur skeleton (D:4)
  Terence (D:2)
  3 orc wizards
  3 iguanas
  5 worker ants
  4 gnolls (D:2)
  2 river rats (D:6)
  18 adders
  2 shadow imps
  8 oozes
  An adder skeleton (D:4)
  4 worms
  10 leopard geckos
  17 orcs
  16 ball pythons
  9 giant cockroaches
  4 goblins
  12 hobgoblins
  3 jackals (D:3)
  A quokka (D:6)
  13 bats
  12 frilled lizards
  2 kobolds (D:1)
  12 rats
186 creatures vanquished.

Notes
Turn   | Place    | Note
-------+----------+-------------------------------------------
     0 | D:1      | Mrkaede the Minotaur Hunter began the quest for the Orb.
     0 | D:1      | Reached XP level 1. HP: 18/18 MP: 0/0
   275 | D:1      | Reached XP level 2. HP: 25/25 MP: 1/1
   308 | D:1      | Reached skill level 1 in Armour
   400 | D:1      | Reached skill level 1 in Stealth
   431 | D:1      | Reached skill level 1 in Short Blades
   627 | D:2      | Reached XP level 3. HP: 31/31 MP: 2/2
   878 | D:2      | Noticed Terence
   891 | D:2      | Killed Terence
   891 | D:2      | Reached skill level 1 in Unarmed Combat
   891 | D:2      | Reached XP level 4. HP: 27/38 MP: 3/3
  1667 | D:3      | Reached XP level 5. HP: 42/46 MP: 4/4
  2134 | D:3      | Noticed Sigmund
  2152 | D:3      | Killed Sigmund
  2152 | D:3      | Reached skill level 1 in Axes
  2152 | D:3      | Reached XP level 6. HP: 9/53 MP: 5/5
  2444 | D:3      | Noticed Grinder
  2445 | D:3      | Paralysed by Grinder for 3 turns
  2464 | D:3      | Paralysed by Grinder for 7 turns
  2475 | D:3      | Killed Grinder
  2475 | D:3      | Reached skill level 5 in Crossbows
  2475 | D:3      | Reached XP level 7. HP: 43/60 MP: 6/6
  2626 | D:3      | Found a deep blue altar of Sif Muna.
  3104 | D:4      | Reached skill level 5 in Fighting
  3178 | D:4      | Found Gale's Antique Armour Shop.
  3183 | D:4      | Bought a buckler for 99 gold pieces
  3295 | D:4      | Found an iron altar of Okawaru.
  3316 | D:4      | Became a worshipper of Warmaster Okawaru
  3554 | D:4      | Found a glowing golden altar of the Shining One.
  3600 | D:4      | Found a staircase to the Ecumenical Temple.
  3688 | D:5      | Entered Level 5 of the Dungeon
  4363 | D:5      | Reached skill level 1 in Shields
  4634 | D:6      | Found a burning altar of Makhleb.
  4658 | D:6      | Reached XP level 8. HP: 60/69 MP: 7/7
  4724 | D:6      | Found a transporter.
  4828 | D:6      | Found a glowing drain.
  4833 | D:6      | Reached * piety under Okawaru
  4835 | Sewer    | Entered a sewer
  5212 | D:6      | Reached skill level 5 in Armour
  5577 | D:6      | Reached ** piety under Okawaru
  5848 | D:6      | Found an ornate altar of the Wu Jian Council.
  5849 | D:6      | Found an ancient bone altar of Kikubaaqudgha.
  5849 | D:6      | Found a sacrificial altar of Ru.
  5850 | D:6      | Found an opulent altar of Gozag.
  5949 | D:6      | Found a transporter.
  6209 | D:7      | Reached XP level 9. HP: 69/78 MP: 8/8
  6216 | D:7      | Found a flagged portal.
  6216 | D:7      | Noticed a troll
  6226 | D:7      | Killed a troll
  6226 | D:7      | Reached skill level 5 in Axes
  6253 | D:7      | Found a sparkling altar of Nemelex Xobeh.
  6296 | D:7      | Slain by a killer bee

Skill      XL: |  1  2  3  4  5  6  7  8  9 |
---------------+----------------------------+-----
Armour         | 1 2 3 4 5 6 |  6.0
Stealth        | 1 2 3 |  3.2
Short Blades   | 1 2 |  2.1
Fighting       | 3 4 5 6 |  6.6
Unarmed Combat | 1 2 3 |  3.6
Axes           | 1 2 3 4 5 |  5.1
Dodging        | 3 4 |  4.6
Crossbows      | 5 |  5.8
Shields        | 1 3 4 |  4.0
Invocations    | |  0.4

Action                   |  1- 3 |  4- 6 |  7- 9 || total
-------------------------+-------+-------+-------++-------
Melee: Short sword       |    90 |    85 |       ||   175
       Headbutt          |    13 |    23 |    46 ||    82
       War axe           |       |    34 |   277 ||   311
 Fire: Hand crossbow     |     2 |       |    40 ||    42
  Use: Potion            |       |     2 |     1 ||     3
       Scroll            |       |       |     7 ||     7
  Eat: Chunk             |       |     5 |     6 ||    11
       Ration            |       |       |     4 ||     4
Armor: Leather armour    |     8 |       |       ||     8
       Ring mail         |    25 |    17 |       ||    42
       Scale mail        |       |    23 |   195 ||   218
Dodge: Dodged            |    47 |    78 |   220 ||   345
Block: Buckler           |       |       |    58 ||    58
       Shield            |       |       |    28 ||    28
